 Dungeon Crawl Stone Soup version 0.16.1-18-g436b03c (webtiles) character file.

8315 pharnakes the Blocker (level 11, -11/76 HPs)
             Began as a Formicid Fighter on Apr 24, 2015.
             Was an Elder of the Shining One.
             Killed from afar by a gargoyle (16 damage)
             ... with a stone arrow
             ... on level 10 of the Dungeon.
             The game lasted 02:05:50 (11150 turns).

pharnakes the Blocker (Formicid Fighter)           Turns: 11150, Time: 02:05:51

Health: -11/76     AC: 15    Str: 19 (21) XL:     11   Next: 53%
Magic:  18/18      EV:  6    Int: 11      God:    the Shining One [****..]
Gold:   484        SH: 13    Dex:  7 (10) Spells: 0 memorised, 10 levels left

rFire  + . .     SeeInvis +     z - +0 long sword
rCold  . . .     Clarity  +     g - +0 plate armour
rNeg   + + .     SustAb   .     c - +0 shield
rPois  .         Gourm    .     (helmet unavailable)
rElec  .         Spirit   .     R - +0 cloak
rCorr  .         Warding  .     e - +0 pair of gloves
rMut   .         Stasis   +     x - +0 pair of boots
MR     +....                    (no amulet)
Stlth  ..........               (no ring)
                                C - +3 ring of protection

@: glowing, somewhat resistant to hostile enchantments, extremely unstealthy
A: permanent stasis, dig shafts and tunnels, four strong arms, antennae 3,
clarity, deformed body, deterioration 1, fire resistance 1
a: Dig, Shaft Self, Divine Shield, Cleansing Flame, Renounce Religion


You were on level 10 of the Dungeon.
You worshipped the Shining One.
The Shining One was greatly pleased with you.
You were hungry.

You visited 2 branches of the dungeon, and saw 11 of its levels.
You also visited: Sewer.

You collected 502 gold pieces.
You donated 18 gold pieces to Zin.

Inventory:

Hand weapons
 a - a +0 long sword
 z - a +0 long sword (weapon)
 Q - a +0 dagger of draining
 U - a +0 long sword
Armour
 c - a +0 shield (worn)
 e - a +0 pair of gloves (worn)
 g - a +0 plate armour (worn)
 x - a +0 pair of boots (worn)
 R - a +0 cloak (worn)
Jewellery
 C - a +3 ring of protection (left hand)
Magical devices
 n - a wand of random effects (37)
 u - a wand of heal wounds (4)
 D - a wand of slowing (37)
 S - a wand of paralysis (8)
Scrolls
 b - 2 scrolls of blinking {unknown}
 j - 5 scrolls of teleportation
 k - 3 scrolls of enchant armour {unknown}
 l - 6 scrolls of remove curse
 m - 3 scrolls of fog {unknown}
 o - a scroll of vulnerability {unknown}
 p - a scroll of summoning {unknown}
 q - a scroll of amnesia {unknown}
 t - 3 scrolls of noise
 y - 2 scrolls of immolation {unknown}
 F - 3 scrolls of random uselessness {unknown}
 J - 2 scrolls of recharging {unknown}
 K - a scroll of magic mapping {unknown}
 M - a scroll of enchant weapon {unknown}
 P - 4 scrolls of identify
Potions
 f - a potion of haste
 h - a potion of invisibility
 i - 3 potions of agility
 r - 2 potions of poison
 v - 2 potions of restore abilities
 w - 3 potions of brilliance
 A - 3 potions of flight
 B - 7 potions of curing
 G - a potion of cancellation
 I - a potion of heal wounds
 L - a potion of resistance
 N - a potion of mutation
Books
 O - Roxanne's Incunabulum of the Rocks and Shape Shifting
   (You found it on level 7 of the Dungeon)

   Spells                             Type                      Level
   a - Sandblast                      Earth                        1
   b - Stoneskin                      Transmutation/Earth          2
   c - Petrify                        Transmutation/Earth          4
   d - Iron Shot                      Conjuration/Earth            6
   e - Statue Form                    Transmutation/Earth          6
Comestibles
 d - 6 bread rations
 s - 3 beef jerkies
 E - 2 meat rations
 H - 8 fruits
 T - 5 chunks of flesh


   Skills:
 - Level 3.8 Fighting
 + Level 9.2 Long Blades
 + Level 8.2 Armour
 - Level 0.5 Dodging
 * Level 14.8 Shields
 + Level 2.1 Invocations


You had 10 spell levels left.
You didn't know any spells.

Dungeon Overview and Level Annotations

Branches:
Dungeon (10/15)            Temple (1/1) D:4
   Lair: D:8-11         Orc: D:9-12

Altars:
Ashenzari
Cheibriados
Dithmenos
Elyvilon
Fedhas
Gozag
Kikubaaqudgha
Makhleb
Nemelex Xobeh
Okawaru
Qazlal
Ru
Sif Muna
Trog
Vehumet
Xom
Yredelemnul
Zin
The Shining One


Innate Abilities, Weirdness & Mutations

You are under a permanent stasis effect.
You can dig through walls and to a lower floor.
Your four strong arms can wield two-handed weapons with a shield.
You have a pair of large antennae on your head (SInv).
You possess an exceptional clarity of mind.
Armour fits poorly on your strangely shaped body.
Your body is slowly deteriorating.
Your flesh is heat resistant.


Message History

You hit the gargoyle but do no damage.
The gargoyle is severely damaged.
The gargoyle hits you with a mace.
* * * LOW HITPOINT WARNING * * *
You hit the gargoyle.
The gargoyle is almost destroyed.
You hit the gargoyle but do no damage.
The gargoyle is almost destroyed.
The gargoyle hurls a stone arrow at you.
The stone arrow hits you! The Shining One protects you from harm!
You hit the gargoyle but do no damage.
The gargoyle is almost destroyed.
The gargoyle hurls a stone arrow at you.
You block the stone arrow.
You hit the gargoyle but do no damage.
The gargoyle is almost destroyed.
The gargoyle hurls a stone arrow at you.
The stone arrow hits you!
You die...

...........# #...#
...........# #...#
.).........# #...#
...>.......# #####.%.##
....######## #§§...†.8#
....# #####...## ....#
#...# ....# ####h..#
#####.. ##@##...#
..........{ #9###...#
.........(.####.###...###
...................9....#
........................#
#.......................#
#........##+####........#
#........# #....<....+
+........# #.........


You could see a gargoyle.

Vanquished Creatures
  Gastronok (D:8)
  Erolcha (D:8)
  Pikel (D:4)
  Maurice (D:8)
  Joseph (D:7)
  A gargoyle (D:10)
  2 two-headed ogres
  A spriggan (D:7)
  Eustachio (D:9)
  A hippogriff (D:8)
  Grum (D:9)
  A hungry ghost (D:8)
  2 wolves (D:8)
  A deep elf fighter (D:10)
  Edmund (D:9)
  3 sky beasts
  2 ice beasts
  4 phantoms
  2 black bears (D:10)
  3 centaurs
  A crocodile (D:10)
  The ghost of Uberwunderbarhen the Skirmisher, an average GrFi (D:3)
  3 ogres (D:8)
  Duvessa (D:9)
  5 big kobolds
  2 giant frogs
  Blork the orc (D:9)
  4 scorpions
  2 wights (D:9)
  5 killer bees (D:9)
  Dowan (D:9)
  A jelly (D:5)
  3 hounds
  A crimson imp (D:8)
  A giant frog skeleton (D:8)
  3 orc priests (D:7)
  3 iguanas
  A two-headed ogre zombie (D:9)
  A centaur zombie (D:9)
  2 centaur skeletons
  3 worker ants
  Natasha (thrice) (D:5)
  A killer bee zombie (D:7)
  7 orc wizards
  Ijyb (D:2)
  A mummy (D:8)
  A hound skeleton (D:8)
  2 hound zombies
  Robin (D:3)
  4 gnolls (D:8)
  11 adders
  4 giant mites
  2 shadow imps
  An adder skeleton (D:8)
  4 giant geckos
  3 oozes
  19 orcs
  5 ball pythons
  A bat skeleton (D:7)
  12 hobgoblins
  28 kobolds
  2 quokkas (D:3)
  21 bats
  7 giant cockroaches
  10 giant newts
  21 goblins
  6 jackals
  A jackal skeleton (D:8)
  A jackal zombie (D:8)
  2 quokka skeletons
  A quokka zombie (D:7)
  21 rats
  A fungus (Sewer)
281 creatures vanquished.

Vanquished Creatures (others)
  2 scorpions (D:4)
  A bat (D:10)
  A rat (D:4)
  A fungus (D:10)
5 creatures vanquished.

Grand Total: 286 creatures vanquished

Notes
Turn   | Place    | Note
--------------------------------------------------------------
     0 | D:1      | pharnakes, the Formicid Fighter, began the quest for the Orb.
     0 | D:1      | Reached XP level 1. HP: 18/18 MP: 1/1
    59 | D:1      | Reached XP level 2. HP: 17/24 MP: 3/3
   154 | D:1      | Reached skill level 4 in Shields
   312 | D:1      | Reached XP level 3. HP: 24/30 MP: 4/4
   763 | D:2      | Reached XP level 4. HP: 37/37 MP: 5/5
   853 | D:2      | Noticed Ijyb
   867 | D:2      | Killed Ijyb
   973 | D:2      | Found an opulent altar of Gozag.
   973 | D:2      | Found an iron altar of Okawaru.
  1015 | D:2      | Found a glowing silver altar of Zin.
  1015 | D:2      | Noticed an angel
  1021 | D:2      | Became a worshipper of Zin the Law-Giver
  1073 | D:2      | Found a deep blue altar of Sif Muna.
  1171 | D:2      | Reached skill level 5 in Shields
  1180 | D:2      | Acquired Zin's first power
  1286 | D:2      | Reached XP level 5. HP: 39/42 MP: 7/7
  1464 | D:3      | Noticed Uberwunderbarhen's ghost (average GrFi)
  1479 | D:3      | Killed Uberwunderbarhen's ghost
  1479 | D:3      | Reached skill level 6 in Shields
  1479 | D:3      | Reached XP level 6. HP: 9/48 MP: 8/8
  1624 | D:3      | Found a glowing drain.
  1663 | Sewer    | Entered a sewer
  1963 | Sewer    | Reached skill level 7 in Shields
  1963 | Sewer    | Reached XP level 7. HP: 20/53 MP: 9/9
  2471 | D:3      | Noticed Robin
  2490 | D:3      | Killed Robin
  2492 | D:3      | Reached skill level 8 in Shields
  2722 | D:3      | Found a shimmering altar of Xom.
  3084 | D:4      | Noticed Pikel
  3104 | D:4      | Killed Pikel
  3104 | D:4      | Reached skill level 5 in Long Blades
  3104 | D:4      | Reached skill level 9 in Shields
  3104 | D:4      | Reached XP level 8. HP: 14/60 MP: 11/11
  3607 | D:4      | Found a staircase to the Ecumenical Temple.
  3613 | D:4      | Acquired Zin's second power
  3630 | Temple   | Entered the Ecumenical Temple
  3683 | Temple   | Fell from the grace of Zin
  3683 | Temple   | Became a worshipper of the Shining One
  3706 | Temple   | Gained mutation: You are agile. (Dex +2) [potion of mutation]
  3706 | Temple   | Gained mutation: You possess an exceptional clarity of mind. [potion of mutation]
  3706 | Temple   | Gained mutation: Your flesh is heat resistant. [potion of mutation]
  3707 | Temple   | j
  3960 | D:4      | Found a blossoming altar of Fedhas.
  4199 | D:5      | Entered Level 5 of the Dungeon
  4373 | D:5      | Reached skill level 10 in Shields
  4523 | D:5      | Acquired the Shining One's first power
  4641 | D:5      | Noticed Natasha
  4648 | D:5      | Killed Natasha
  4663 | D:5      | Reached XP level 9. HP: 54/65 MP: 12/12
  4931 | D:5      | Noticed Natasha
  4939 | D:5      | Killed Natasha
  5010 | D:5      | Noticed Natasha
  5013 | D:5      | Killed Natasha
  5294 | D:6      | Found a basalt altar of Yredelemnul.
  5334 | D:6      | Found a snail-covered altar of Cheibriados.
  5823 | D:7      | Found a sacrificial altar of Ru.
  5843 | D:7      | Reached skill level 11 in Shields
  5868 | D:7      | Noticed Joseph
  5900 | D:7      | Killed Joseph
  6110 | D:7      | Reached skill level 5 in Armour
  6332 | D:7      | Acquired the Shining One's second power
  6509 | D:7      | Reached skill level 12 in Shields
  6563 | D:7      | Found a sparkling altar of Nemelex Xobeh.
  6611 | D:7      | Identified Roxanne's Incunabulum of the Rocks and Shape Shifting
  6966 | D:8      | Noticed Maurice
  7103 | D:7      | Reached XP level 10. HP: 53/71 MP: 13/13
  7269 | D:8      | Killed Maurice
  7457 | D:8      | Gained mutation: Your body is slowly deteriorating. [mutagenic meat]
  7591 | D:8      | Noticed Erolcha
  7621 | D:8      | Killed Erolcha
  7802 | D:8      | Reached skill level 13 in Shields
  8073 | D:8      | Noticed Gastronok
  8143 | D:8      | The Shining One protects you from harm!
  8149 | D:8      | The Shining One protects you from harm!
  8156 | D:8      | Killed Gastronok
  8556 | D:9      | Noticed Grum
  8630 | D:8      | Reached XP level 11. HP: 33/76 MP: 15/15
  8848 | D:9      | Killed Grum
  8900 | D:9      | Noticed Dowan
  8901 | D:9      | Noticed Duvessa
  8924 | D:9      | Killed Duvessa
  8941 | D:9      | Killed Dowan
  9243 | D:9      | Noticed Eustachio
  9300 | D:9      | Killed Eustachio
  9300 | D:9      | Reached skill level 14 in Shields
  9999 | D:9      | Noticed Edmund
 10007 | D:9      | Killed Edmund
 10036 | D:9      | Noticed Blork the orc
 10077 | D:9      | Killed Blork the orc
 10269 | D:9      | Reached skill level 1 in Invocations
 10310 | D:9      | Gained mutation: Armour fits poorly on your strangely shaped body. [mutagenic meat]
 10311 | D:9      | Lost mutation: You are agile. (Dex +2) [mutagenic meat]
 10335 | D:9      | Found an ancient bone altar of Kikubaaqudgha.
 10656 | D:10     | Entered Level 10 of the Dungeon
 10929 | D:10     | Acquired the Shining One's third power
 11148 | D:10     | The Shining One protects you from harm!
 11150 | D:10     | Killed from afar by a gargoyle

Action                   |  1- 3 |  4- 6 |  7- 9 | 10-12 || total
-------------------------+-------+-------+-------+-------++-------
Melee: Long sword        |   104 |   169 |   557 |   525 ||  1355
Invok: Recite            |       |     2 |     2 |       ||     4
       Divine Shield     |       |       |       |     2 ||     2
 Abil: Dig               |       |     3 |    13 |    10 ||    26
  Use: Scroll            |       |     2 |    10 |     2 ||    14
       Potion            |       |     1 |     5 |    10 ||    16
 Stab: Distracted        |       |     1 |       |       ||     1
  Eat: Bread ration      |       |     1 |     2 |     2 ||     5
       Chunk             |       |       |     8 |     4 ||    12
       Fruit             |       |       |     3 |     1 ||     4
       Royal jelly       |       |       |     1 |       ||     1
       Pizza             |       |       |       |     1 ||     1
